 Dungeon Crawl Stone Soup version 0.29-a0-384-g6960b1960d (webtiles) character file.

Game seed: 15034172164706990582

170 jimonade the Insei (level 5, -2/25 HPs)
             Began as a Vine Stalker Transmuter on May 7, 2022.
             Slain by a gnoll
             ... wielding a +0 flail
             ... led by a gnoll sergeant
              (10 damage)
             ... on level 4 of the Dungeon on May 8, 2022.
             The game lasted 00:04:00 (3557 turns).

jimonade the Insei (Vine Stalker Transmuter)        Turns: 3557, Time: 00:04:01

Health: -2/25      AC:  2    Str: 14    XL:     5   Next: 51%
Magic:  0/10       EV: 12    Int: 13    God:
Gold:   152        SH:  0    Dex: 15    Spells: 9/10 levels left

rFire   . . .      SeeInvis .     - Unarmed
rCold   . . .      Faith    .   (no shield)
rNeg    . . .      Spirit   +   a - +0 robe
rPois   .          Reflect  .   (helmet currently unavailable)
rElec   .          Harm     .   (no cloak)
rCorr   .          Rampage  .   (no gloves)
Will    .....                   (boots currently unavailable)
Stlth   +.........              (no amulet)
HPRegen 0.88/turn               (no ring)
MPRegen 0.12/turn               (no ring)

@: appendages
A: horns 2, talons 2, fangs 2, regeneration 1, magic shield, antimagic bite, no
potion heal 2
a: End Transformation


You were on level 4 of the Dungeon.
You had temporarily grown beastly horns and talons.
You visited 1 branch of the dungeon, and saw 4 of its levels.

You collected 152 gold pieces.

Inventory:

Hand Weapons
 i - a +0 hunting sling
 l - a +0 spear
Missiles
 e - 105 stones
 n - 3 javelins
 v - 5 atropa-tipped darts
Armour
 a - a +0 robe (worn)
 g - a +0 pair of boots (melded)
 w - a +0 leather armour
Jewellery
 k - a ring of magical power
Scrolls
 c - a scroll of fear {unknown}
 h - 2 scrolls of magic mapping {unknown}
 j - 2 scrolls of identify {unknown}
 o - 4 scrolls of enchant weapon {unknown}
 p - a scroll of fog {unknown}
 q - a scroll of vulnerability {unknown}
 t - a scroll of teleportation {unknown}
 u - a scroll of amnesia {unknown}
Potions
 b - 2 potions of lignification
 d - 3 potions of curing {unknown}
 f - 2 potions of might {unknown}
 m - a potion of invisibility {unknown}
 r - a potion of flight {unknown}
 s - a potion of haste {unknown}


   Skills:
 + Level 1.0 Fighting
 + Level 2.0 Dodging
 + Level 4.2 Unarmed Combat
 + Level 3.2 Spellcasting
 + Level 3.5 Transmutations


You had 9 spell levels left.
You knew the following spells:

 Your Spells              Type           Power      Damage    Failure   Level
a - Beastly Appendage     Tmut           22%        N/A       5%          1

Your spell library contained the following spells:

 Spells                   Type           Power      Damage    Failure   Level
 Wereblood                Tmut           11%        N/A       8%          2
 Spider Form              Tmut/Pois      6%         N/A       32%         3
 Ignite Poison            Fire/Tmut/Pois 5%         N/A       38%         3
 Mephitic Cloud           Conj/Pois/Air  2%         N/A       56%         3
 Ice Form                 Ice/Tmut       6%         N/A       71%         4
 Freezing Cloud           Conj/Ice/Air   1%         6-21      99%         5


Dungeon Overview and Level Annotations

Branches:
Dungeon (4/15)
 Temple: D:4-7

Altars:


Innate Abilities, Weirdness & Mutations

You have temporarily grown beastly horns and talons.
You have extremely sharp teeth.
Your natural rate of healing is unusually fast.
When hurt, damage is shared between your health and your magic reserves.
Your bite disrupts and absorbs the magic of your enemies.
Potions cannot restore your health.


Message History

You hit the gnoll. You bite the gnoll, but do no damage.
The gnoll is heavily wounded.
A gnoll sergeant comes into view. It is wielding a +0 trident.
The gnoll hits you with a +0 club.
The gnoll sergeant shouts!
You hit the gnoll.
The gnoll is heavily wounded.
You hear a shout!
The gnoll hits you with a +0 club.
You barely miss the gnoll. Your bite misses the gnoll.
The gnoll is heavily wounded.
The gnoll closely misses you.
You barely miss the gnoll.
The gnoll is heavily wounded.
The gnoll sergeant misses you.
A gnoll comes into view. It is wielding a +0 flail.
The gnoll closely misses you.
You hit the gnoll but do no damage. You claw the gnoll.
You bite the gnoll, but do no damage.
The gnoll is severely wounded.
The gnoll sergeant hits you from afar with a +0 trident!
The gnoll hits you with a +0 club.
You are too injured to fight recklessly!
You are too injured to fight recklessly!
You are too injured to fight recklessly!
You are too injured to fight recklessly!
Unknown command.
You hit the gnoll.
You kill the gnoll!
The gnoll sergeant hits you from afar with a +0 trident!
Your Fighting skill increases to level 1!
The gnoll sergeant hits you with a +0 trident.
* * * LOW HITPOINT WARNING * * *
A gnoll comes into view. It is wielding a +0 halberd.
Things that are here:
a +0 club; a +0 dagger; a gnoll corpse The gnoll sergeant barely misses you.
A gnoll comes into view. It is wielding a +0 flail.
The gnoll attacks as you move away! The gnoll hits you with a +0 flail!
You die...

#.##### ##
#.# #. #>#
#( #.# #.
### #.# ##
.... #.# #
##... #.#
#....g####.#
#.....gg.@.#
#.#..#####g#
... #..# #
##.# .# ..
#.. ..


You could see a gnoll sergeant and 3 gnolls.

Vanquished Creatures
  An orc wizard (D:4)
  A gnoll (D:4)
  7 adders
  2 worms (D:2)
  2 dart slugs
  4 orcs (D:4)
  3 bats (D:2)
  4 endoplasms
  5 giant cockroaches
  9 goblins
  4 hobgoblins
  3 jackals (D:3)
  2 kobolds
  6 quokkas
  3 frilled lizards
  A rat (D:1)
57 creatures vanquished.

Notes
Turn   | Place    | Note
-------+----------+-------------------------------------------
     0 | D:1      | jimonade the Vine Stalker Transmuter began the quest for
                  | the Orb.
     0 | D:1      | Reached XP level 1. HP: 9/9 MP: 4/4
   170 | D:1      | Reached XP level 2. HP: 6/14 MP: 3/6
  1171 | D:2      | Reached XP level 3. HP: 17/17 MP: 5/7
  1348 | D:2      | Found a faded altar of an unknown god.
  2318 | D:2      | Gained mutation: Your natural rate of healing is unusually
                  | fast. [Vine Stalker growth]
  2318 | D:2      | Reached XP level 4. HP: 16/21 MP: 5/9
  2838 | D:3      | Reached skill level 4 in Unarmed Combat
  2840 | D:3      | Reached XP level 5. HP: 25/25 MP: 6/10
  3554 | D:4      | Reached skill level 1 in Fighting
  3557 | D:4      | Slain by a gnoll

Illustrated notes

Levels and vault maps discovered:
D:1:      roderic_crossed_star, layout_loops_ring
D:2:      layout_basic, shapermc_ecumenical_altar_totnotflames
D:3:      layout_loops_cross, dreamdust_princess_bridge
D:4:      layout_loops_corners, hangedman_abyss_or_decor_stabs

Skill      XL: |  1  2  3  4  5 |
---------------+----------------+-----
Transmutations | 3 |  3.5
Unarmed Combat | 4 |  4.2
Spellcasting   | 3 |  3.2
Dodging        | 2 |  2.0
Fighting       | 1 |  1.0

Action                   |  1- 3 |  4- 6 || total
-------------------------+-------+-------++-------
Melee: Unarmed           |    74 |    63 ||   137
       Kick              |    23 |    12 ||    35
       Bite              |    12 |    11 ||    23
       Headbutt          |     7 |     9 ||    16
       Punch             |       |     2 ||     2
 Cast: Beastly Appendage |    27 |    18 ||    45
 Stab: Sleeping          |     1 |     1 ||     2
Armor: Robe              |     8 |     7 ||    15
Dodge: Dodged            |    39 |    31 ||    70

Table legend: (Time is in decaauts)
 A = Elapsed time spent in this place.
 B = Non-inter-level travel time spent in this place.
 C = Inter-level travel time spent in this place.
 D = Time resting spent in this place.
 E = Time spent auto-exploring this place.
 F = Levels seen in this place.
 G = Mean time per level.
                   A        B        C        D        E       F      G
               +--------+--------+--------+--------+--------+-----+--------+
         Total |   3548 |   3469 |     79 |    204 |   2804 |   4 |  887.0 |
       Dungeon |   3548 |   3469 |     79 |    204 |   2804 |   4 |  887.0 |
               +--------+--------+--------+--------+--------+-----+--------+

Top non-repeatable levels by time:
     D:2: 1349 daAuts
     D:1: 1109 daAuts
     D:3: 843 daAuts
     D:4: 246 daAuts
